[ AOE2 MATCH · #495744100 ]
UnrankedSlavs vs Koreans
Player's team · LOSS
Rival team · WIN
[ REPLAY ANALYSIS · EXTRACTED FROM THE RECORDED GAME ]
Feudal
9:38
Castle
20:17
Imperial
38:01
| APM avg | 28.8 |
| APM peak | 51 |
| eAPM avg | 16.2 |
| Villagers / military | 135 / 49 |
Focus
⚔️ 24.1% · 🌾 75.9%
Scout Cavalry ×14 · Monk ×12 · Knight ×9 · Mangonel ×9 · Militia ×5
Feudal
12:40
Castle
20:14
Imperial
38:01
| APM avg | 36.2 |
| APM peak | 77 |
| eAPM avg | 20.8 |
| Villagers / military | 123 / 76 |
Focus
⚔️ 40.2% · 🌾 59.8%
War Wagon ×50 · Scout Cavalry ×11 · Militia ×7 · Archer ×5 · Knight ×1 · Spearman ×1
Match map
Initial resources + every placement click. Lines = walls · curves = elevation contours. ◆ gold · ⬟ stone · ● berries · ✦ relic · ◌ wall gap
Your base· Open — unwalled flank
Gripen's base· Open — unwalled flank
Smoothed initial terrain · ◌ = detected wall gap · hover for details
Inputs per minute
— Atilichi8821 - - Gripen
Build order — Atilichi8821
First 150 of 300 actions detected
| 0:00 | Create | Villager (Male) |
| 0:00 | Create | Villager (Male) |
| 0:01 | Create | Villager (Male) |
| 0:02 | Build | House |
| 0:03 | Build | House |
| 0:21 | Create | Villager (Male) |
| 1:28 | Create | Villager (Male) |
| 2:03 | Create | Villager (Male) |
| 2:13 | Build | Lumber Camp |
| 2:29 | Create | Villager (Male) |
| 2:45 | Create | Villager (Male) |
| 3:14 | Create | Villager (Male) |
| 3:27 | Build | House |
| 3:33 | Create | Villager (Male) |
| 3:57 | Create | Villager (Male) |
| 4:43 | Research | Loom |
| 5:03 | Build | Mill |
| 5:05 | Create | Villager (Male) |
| 5:19 | Create | Villager (Male) |
| 5:37 | Create | Villager (Male) |
| 5:45 | Create | Villager (Male) |
| 6:27 | Build | Barracks |
| 6:45 | Create | Villager (Male) |
| 7:28 | Research | Feudal Age |
| 7:50 | Create | Militia |
| 7:50 | Create | Militia |
| 8:03 | Create | Militia |
| 8:12 | Build | Mining Camp |
| 8:33 | Create | Villager (Male) |
| 8:39 | Create | Militia |
| 9:14 | Create | Militia |
| 9:38 | Age | Feudal Age |
| 9:42 | Research | Man-at-Arms (upgrade) |
| 9:56 | Create | Villager (Male) |
| 10:07 | Create | Villager (Male) |
| 10:15 | Build | House |
| 10:27 | Create | Villager (Male) |
| 10:34 | Build | Stable |
| 11:06 | Research | Horse Collar |
| 11:17 | Create | Villager (Male) |
| 11:43 | Create | Villager (Male) |
| 12:12 | Build | Farm |
| 12:15 | Build | Farm |
| 12:17 | Build | Farm |
| 12:43 | Create | Villager (Male) |
| 12:46 | Build | Farm |
| 12:53 | Build | Farm |
| 13:18 | Build | Farm |
| 13:21 | Build | Farm |
| 13:26 | Create | Villager (Male) |
| 13:27 | Build | Farm |
| 13:59 | Create | Villager (Male) |
| 14:22 | Create | Villager (Male) |
| 14:28 | Build | Farm |
| 14:30 | Build | Farm |
| 14:32 | Build | Farm |
| 14:34 | Build | Farm |
| 14:38 | Build | Farm |
| 14:40 | Create | Villager (Male) |
| 14:57 | Build | House |
| 15:11 | Create | Villager (Male) |
| 15:40 | Create | Villager (Male) |
| 15:55 | Create | Villager (Male) |
| 16:24 | Build | Farm |
| 16:26 | Build | House |
| 16:30 | Create | Villager (Male) |
| 16:38 | Build | Market |
| 16:55 | Create | Villager (Male) |
| 17:37 | Research | Castle Age |
| 17:53 | Build | Stable |
| 18:01 | Research | Double-Bit Axe |
| 18:29 | Research | Gold Mining |
| 18:40 | Build | Stable |
| 18:46 | Build | Palisade Wall |
| 19:04 | Research | Bloodlines |
| 19:13 | Build | Blacksmith |
| 19:21 | Build | Watch Tower |
| 20:02 | Build | Stable |
| 20:04 | Research | Scale Barding Armor |
| 20:17 | Age | Castle Age |
| 20:22 | Create | Knight |
| 20:22 | Create | Knight |
| 20:25 | Create | Villager (Male) |
| 20:44 | Build | Town Center |
| 20:53 | Create | Villager (Male) |
| 20:59 | Create | Knight |
| 21:13 | Create | Villager (Male) |
| 21:25 | Create | Knight |
| 21:26 | Create | Villager (Male) |
| 21:32 | Create | Villager (Male) |
| 21:38 | Create | Knight |
| 21:53 | Create | Villager (Male) |
| 22:04 | Create | Villager (Male) |
| 22:20 | Create | Villager (Male) |
| 22:33 | Build | Town Center |
| 22:37 | Create | Villager (Male) |
| 22:48 | Create | Villager (Male) |
| 23:06 | Create | Villager (Male) |
| 23:18 | Create | Villager (Male) |
| 23:18 | Create | Villager (Male) |
| 23:35 | Create | Villager (Male) |
| 23:39 | Build | Farm |
| 23:40 | Build | Farm |
| 23:43 | Build | Mining Camp |
| 23:44 | Create | Villager (Male) |
| 24:03 | Create | Villager (Male) |
| 24:08 | Build | Farm |
| 24:08 | Build | Farm |
| 24:08 | Build | Farm |
| 24:15 | Build | Farm |
| 24:16 | Create | Villager (Male) |
| 24:38 | Create | Villager (Male) |
| 24:56 | Create | Villager (Male) |
| 24:56 | Create | Villager (Male) |
| 25:02 | Create | Villager (Male) |
| 25:20 | Build | Siege Workshop |
| 25:21 | Create | Villager (Male) |
| 25:25 | Build | Farm |
| 25:27 | Build | Farm |
| 25:30 | Build | Farm |
| 25:32 | Build | Farm |
| 25:33 | Create | Villager (Male) |
| 25:35 | Build | House |
| 25:39 | Build | House |
| 25:41 | Create | Villager (Male) |
| 25:43 | Build | Lumber Camp |
| 26:00 | Create | Villager (Male) |
| 26:09 | Build | Monastery |
| 26:10 | Create | Villager (Male) |
| 26:10 | Create | Villager (Male) |
| 26:22 | Create | Villager (Male) |
| 26:25 | Create | Villager (Male) |
| 26:33 | Create | Villager (Male) |
| 26:39 | Create | Villager (Male) |
| 26:46 | Create | Mangonel |
| 26:51 | Create | Villager (Male) |
| 26:58 | Build | Monastery |
| 27:00 | Create | Monk |
| 27:02 | Create | Villager (Male) |
| 27:12 | Create | Villager (Male) |
| 27:19 | Build | Lumber Camp |
| 27:22 | Create | Villager (Male) |
| 27:24 | Create | Villager (Male) |
| 27:25 | Create | Mangonel |
| 27:34 | Create | Villager (Male) |
| 27:37 | Create | Villager (Male) |
| 27:45 | Build | House |
| 27:46 | Build | House |
| 27:57 | Build | House |
| 28:44 | Create | Monk |
Build order — Gripen
First 150 of 377 actions detected
| 0:00 | Create | Villager (Male) |
| 0:02 | Build | House |
| 0:04 | Build | House |
| 0:18 | Create | Villager (Male) |
| 0:24 | Create | Villager (Male) |
| 0:24 | Create | Villager (Male) |
| 1:31 | Create | Villager (Male) |
| 1:32 | Create | Villager (Male) |
| 1:52 | Create | Villager (Male) |
| 2:20 | Create | Villager (Male) |
| 2:30 | Build | Lumber Camp |
| 2:39 | Create | Villager (Male) |
| 3:08 | Create | Villager (Male) |
| 3:37 | Create | Villager (Male) |
| 3:52 | Build | House |
| 3:59 | Create | Villager (Male) |
| 4:20 | Create | Villager (Male) |
| 5:01 | Create | Villager (Male) |
| 5:19 | Create | Villager (Male) |
| 5:38 | Create | Villager (Male) |
| 5:38 | Create | Villager (Male) |
| 5:38 | Create | Villager (Male) |
| 5:40 | Build | Barracks |
| 6:13 | Build | House |
| 6:31 | Create | Villager (Male) |
| 6:39 | Build | House |
| 6:40 | Create | Militia |
| 6:40 | Create | Militia |
| 6:40 | Create | Militia |
| 7:00 | Build | Mill |
| 7:02 | Create | Villager (Male) |
| 7:17 | Build | House |
| 7:19 | Build | Palisade Wall |
| 7:22 | Create | Villager (Male) |
| 8:07 | Build | Farm |
| 8:14 | Research | Loom |
| 8:14 | Create | Villager (Male) |
| 8:42 | Build | Farm |
| 8:44 | Build | Farm |
| 8:55 | Build | Farm |
| 9:13 | Create | Militia |
| 9:15 | Create | Villager (Male) |
| 9:34 | Build | Farm |
| 9:37 | Create | Villager (Male) |
| 9:53 | Build | Farm |
| 10:05 | Create | Villager (Male) |
| 10:18 | Build | Lumber Camp |
| 10:27 | Research | Feudal Age |
| 10:37 | Build | Farm |
| 11:08 | Build | Palisade Wall |
| 11:10 | Build | Palisade Wall |
| 11:11 | Build | Palisade Wall |
| 11:16 | Build | Palisade Wall |
| 11:19 | Build | Palisade Wall |
| 11:22 | Build | Palisade Wall |
| 11:23 | Build | Palisade Wall |
| 12:06 | Build | Mining Camp |
| 12:21 | Create | Villager (Male) |
| 12:33 | Create | Militia |
| 12:33 | Create | Militia |
| 12:36 | Create | Militia |
| 12:40 | Age | Feudal Age |
| 12:51 | Create | Villager (Male) |
| 12:57 | Build | Palisade Wall |
| 13:16 | Build | Archery Range |
| 13:18 | Create | Villager (Male) |
| 13:49 | Build | Palisade Wall |
| 13:57 | Create | Villager (Male) |
| 14:04 | Create | Villager (Male) |
| 14:09 | Build | Farm |
| 14:21 | Build | Farm |
| 14:24 | Build | Palisade Wall |
| 14:27 | Build | Palisade Wall |
| 14:29 | Build | Palisade Wall |
| 14:40 | Create | Archer |
| 14:41 | Create | Archer |
| 14:51 | Create | Villager (Male) |
| 14:55 | Create | Villager (Male) |
| 14:59 | Build | House |
| 15:00 | Build | House |
| 15:11 | Create | Villager (Male) |
| 15:29 | Build | Palisade Wall |
| 15:30 | Build | Palisade Wall |
| 16:03 | Create | Archer |
| 16:05 | Create | Villager (Male) |
| 16:23 | Create | Archer |
| 16:25 | Build | Palisade Wall |
| 16:29 | Create | Villager (Male) |
| 16:41 | Create | Archer |
| 17:06 | Build | Blacksmith |
| 17:33 | Create | Skirmisher |
| 17:34 | Research | Castle Age |
| 17:37 | Research | Fletching |
| 18:34 | Build | Mining Camp |
| 19:06 | Build | House |
| 19:46 | Create | Spearman |
| 20:09 | Create | Villager (Male) |
| 20:14 | Age | Castle Age |
| 20:15 | Research | Crossbowman (upgrade) |
| 20:16 | Research | Bodkin Arrow |
| 20:20 | Create | Villager (Male) |
| 20:52 | Research | Thumb Ring |
| 21:00 | Create | Villager (Male) |
| 21:21 | Build | Castle |
| 21:39 | Build | House |
| 21:42 | Build | House |
| 21:44 | Build | House |
| 21:46 | Build | House |
| 21:49 | Build | House |
| 21:52 | Build | House |
| 21:54 | Build | Palisade Wall |
| 22:04 | Build | House |
| 22:07 | Build | House |
| 22:10 | Build | House |
| 22:13 | Build | House |
| 22:17 | Build | House |
| 22:19 | Build | House |
| 22:31 | Create | Villager (Male) |
| 22:40 | Create | Villager (Male) |
| 23:08 | Build | House |
| 23:10 | Build | Palisade Wall |
| 23:14 | Build | Palisade Wall |
| 23:26 | Create | Villager (Male) |
| 23:36 | Create | Villager (Male) |
| 24:00 | Create | Villager (Male) |
| 24:41 | Build | Town Center |
| 24:47 | Build | Palisade Wall |
| 24:49 | Build | House |
| 25:06 | Create | Villager (Male) |
| 25:07 | Create | Villager (Male) |
| 25:23 | Create | Villager (Male) |
| 25:24 | Create | Villager (Male) |
| 25:36 | Research | Double-Bit Axe |
| 25:38 | Create | War Wagon |
| 25:44 | Create | Villager (Male) |
| 25:47 | Create | Villager (Male) |
| 26:00 | Create | War Wagon |
| 26:09 | Create | War Wagon |
| 26:16 | Create | Villager (Male) |
| 26:17 | Create | Villager (Male) |
| 26:17 | Create | Villager (Male) |
| 26:23 | Build | Market |
| 26:32 | Create | War Wagon |
| 26:34 | Create | Villager (Male) |
| 26:43 | Build | Farm |
| 26:48 | Create | War Wagon |
| 27:07 | Create | Villager (Male) |
| 27:08 | Create | War Wagon |
| 27:11 | Create | Villager (Male) |
| 27:28 | Create | Villager (Male) |
Match timeline
| 5:40 | Gripen · first_building Barracks |
| 6:27 | Atilichi8821 · first_building Barracks |
| 7:19 | Gripen · wall_segment Palisade Wall x5 |
| 9:38 | Atilichi8821 · age_up feudal |
| 10:34 | Atilichi8821 · first_building Stable |
| 11:08 | Gripen · wall_segment Palisade Wall x1 |
| 11:10 | Gripen · wall_segment Palisade Wall x1 |
| 11:11 | Gripen · wall_segment Palisade Wall x1 |
| 11:16 | Gripen · wall_segment Palisade Wall x1 |
| 11:19 | Gripen · wall_segment Palisade Wall x1 |
| 11:22 | Gripen · wall_segment Palisade Wall x1 |
| 11:23 | Gripen · wall_segment Palisade Wall x1 |
| 12:40 | Gripen · age_up feudal |
| 12:57 | Gripen · wall_segment Palisade Wall x1 |
| 13:16 | Gripen · first_building Archery Range |
| 13:49 | Gripen · wall_segment Palisade Wall x1 |
| 14:24 | Gripen · wall_segment Palisade Wall x1 |
| 14:27 | Gripen · wall_segment Palisade Wall x1 |
| 14:29 | Gripen · wall_segment Palisade Wall x1 |
| 15:29 | Gripen · wall_segment Palisade Wall x1 |
| 15:30 | Gripen · wall_segment Palisade Wall x1 |
| 16:25 | Gripen · wall_segment Palisade Wall x1 |
| 17:29 | Atilichi8821 · first_market_buy 100 food |
| 18:46 | Atilichi8821 · wall_segment Palisade Wall x1 |
| 20:14 | Gripen · age_up castle |
| 20:17 | Atilichi8821 · age_up castle |
| 21:21 | Gripen · first_building Castle |
| 21:54 | Gripen · wall_segment Palisade Wall x1 |
| 23:10 | Gripen · wall_segment Palisade Wall x1 |
| 23:14 | Gripen · wall_segment Palisade Wall x1 |
| 24:47 | Gripen · wall_segment Palisade Wall x1 |
| 25:20 | Atilichi8821 · first_building Siege Workshop |
| 26:09 | Atilichi8821 · first_building Monastery |
| 29:05 | Gripen · first_market_buy 100 food |
| 30:20 | Atilichi8821 · first_building Castle |
| 33:18 | Atilichi8821 · first_market_sell 100 wood |
| 36:40 | Gripen · first_building Stable |
| 38:01 | Atilichi8821 · age_up imperial |
| 38:01 | Gripen · age_up imperial |
| 38:42 | Gripen · wall_segment Palisade Wall x1 |
| 43:43 | Gripen · first_market_sell 500 food |
| 44:03 | Atilichi8821 · resign |
[ AI ANALYSIS · 1 CREDIT ]
What really happened in this match?
Wolo.gg analyzes every decision: build order, eco, micro, common mistakes by bracket. Personalized analysis on WhatsApp or Discord in 30 seconds.
Civ guide
Slavs
Perfil
Atilichi8821